 Dungeon Crawl Stone Soup version 0.23-a0-375-g66a18ee (webtiles) character file.

41517 MTVSty1e the Executioner (level 13, -12/192 HPs)
             Began as a Minotaur Fighter on Oct 26, 2018.
             Was the Champion of Okawaru.
             Mangled by an orc knight
             ... wielding a cursed -2 glaive
              (29 damage)
             ... on level 14 of the Dungeon.
             The game lasted 00:32:24 (17541 turns).

MTVSty1e the Executioner (Minotaur Fighter)        Turns: 17541, Time: 00:32:25

Health: -12/192    AC: 26    Str: 31    XL:     13   Next: 80%
Magic:  13/13      EV:  5    Int:  4    God:    Okawaru [******]
Gold:   1243       SH: 10    Dex: 11    Spells: 12/12 levels left

rFire    . . .     SeeInvis .   y - +4 broad axe (protect)
rCold    + . .     Gourm    .   c - +0 shield
rNeg     . . .     Faith    .   K - +3 plate armour
rPois    .         Spirit   .   (helmet restricted)
rElec    .         Reflect  .   x - +0 cloak
rCorr    .         Harm     .   a - +2 pair of gloves of Buyblaiv {MR+ Str+3 Int+2 Stlth-}
MR       +++..     Rnd*Rage +   (no boots)
Stlth    ..........             D - necklace of Bloodlust {*Rage +Rage MR++ Int-3 Slay+6 *Curse} (curse)
HPRegen  0.42/turn              B - ring of protection from cold
MPRegen  0.13/turn              M - ring of stealth

@: berserking (expiring), lethally poisoned (-12 -> -19), protection aura, very
quick
A: retaliatory headbutt, horns 2, high mp 1, sense surroundings 1, shaggy fur 1,
weak 1, wild magic 1
a: Heroism, Finesse, Renounce Religion, Evoke Berserk Rage


You were on level 14 of the Dungeon.
You worshipped Okawaru.
Okawaru was exalted by your worship.
You were not hungry.

You visited 1 branch of the dungeon, and saw 14 of its levels.
You also visited: Bailey.

You collected 1243 gold pieces.

Inventory:

Hand Weapons
 b - the +6 executioner's axe "Nixkip" {holy, *Rage +Blink SInv, unknown}
   (Okawaru gifted it to you on level 14 of the Dungeon)

   It has been blessed by the Shining One to cause great damage to the undead
   and demons.
   It lets you see invisible.
   It lets you blink.
   It may make you go berserk in combat.
 y - a +4 broad axe of protection (weapon)
 I - a +2 war axe of venom
 L - a +0 morningstar
Armour
 a - the +2 pair of gloves of Buyblaiv (worn) {MR+ Str+3 Int+2 Stlth-}
   (Okawaru gifted it to you on level 13 of the Dungeon)

   It affects your strength (+3).
   It affects your intelligence (+2).
   It affects your resistance to hostile enchantments.
   It makes you less stealthy.
 c - a +0 shield (worn)
 s - a +0 pair of gloves
 x - a +0 cloak (worn)
 A - a +1 plate armour
 K - a +3 plate armour (worn)
Jewellery
 B - a ring of protection from cold (left hand)
 D - the cursed necklace of Bloodlust (around neck) {*Rage +Rage MR++ Int-3 Slay+6 *Curse}
   (You found it on level 8 of the Dungeon)

   [amulet of rage]

   It affects your intelligence (-3).
   It affects your accuracy and damage with ranged weapons and melee attacks
   (+6).
   It affects your resistance to hostile enchantments.
   It lets you go berserk.
   It may make you go berserk in combat.
   It curses itself when equipped.
   It has a curse placed upon it.
 M - a ring of stealth (right hand)
Wands
 d - a wand of flame (35)
 k - a wand of paralysis (11)
 n - a wand of scattershot (20)
 t - a wand of enslavement (12)
 z - a wand of acid (20)
 C - a wand of polymorph (17)
 G - a wand of disintegration (17)
Scrolls
 j - a scroll of enchant weapon
 p - 8 scrolls of teleportation
 q - 12 scrolls of remove curse
 v - a scroll of enchant armour
 w - 2 scrolls of amnesia
 F - 3 scrolls of fog
 H - 2 scrolls of identify
Potions
 e - a potion of heal wounds
 g - 4 potions of lignification
 i - 2 potions of agility
 l - 5 potions of magic
 m - 4 potions of curing
 o - 3 potions of flight
 r - a potion of resistance
 u - 2 potions of cancellation {unknown}
 E - a potion of haste {unknown}
 J - 3 potions of might
Comestibles
 f - 21 rations


   Skills:
 + Level 16.1 Fighting
 * Level 21.2 Axes
 - Level 3.6 Armour
 - Level 3.6 Shields


You had 12 spell levels left.
You didn't know any spells.
Your spell library contained the following spells:

 Spells                   Type           Power        Failure   Level  Hunger
 Corona                   Hex            #......      100%        1    ##.....
 Sting                    Conj/Pois      #...         100%        1    ##.....
 Poisonous Vapours        Pois/Air       #.....       100%        2    ###....
 Slow                     Hex            #.......     100%        2    ###....
 Inner Flame              Hex/Fire       #.......     100%        3    ####...
 Mephitic Cloud           Conj/Pois/Air  #.......     100%        3    ####...
 Portal Projectile        Hex/Tloc       #.....       100%        3    ####...
 Cause Fear               Hex            #.........   100%        4    #####..
 Leda's Liquefaction      Hex/Erth       #.........   100%        4    #####..
 Olgreb's Toxic Radiance  Pois           #.......     100%        4    #####..
 Venom Bolt               Conj/Pois      #.........   100%        5    ######.


Dungeon Overview and Level Annotations

Branches:
Dungeon (14/15)            Temple (0/1) D:7            Lair (0/6) D:11
    Orc (0/2) D:12         Vaults (0/5) D:14

Altars:
Cheibriados
Kikubaaqudgha
Nemelex Xobeh
Okawaru
Qazlal
Sif Muna
Uskayaw
Zin
The Shining One

Shops:
D:8 *   D:12 !*

Annotations:
D:7 2 transporters, Voker57's ghost, novice DsGl
D:9 3 runed doors, CcS's ghost, novice OpTm; ThereIsNoGod's ghost, novice OpFi; galech's ghost, novice DsFi; namelastname112's ghost, novice DrWn; namelastname112's ghost, novice DrWz


Innate Abilities, Weirdness & Mutations

You reflexively headbutt those who attack you in melee.
You have a pair of horns on your head.
You have an increased reservoir of magic. (+10% MP)
You passively map a small area around you.
You are covered in fur. (AC +1)
You are weak. (Str -2)
Your spells are a little harder to cast, but a little more powerful.


Message History

You feel sick.
The orc no longer looks unusually strong.
RoseArtemis's ghost hits you but does no damage.
You completely miss RoseArtemis's ghost.
Your headbutt misses RoseArtemis's ghost.
RoseArtemis's ghost is severely damaged.
The orc knight hits you from afar with a runed glaive!!
* * * LOW HITPOINT WARNING * * *
You slice RoseArtemis's ghost like a ripe choko!!!
The necklace of Bloodlust glows a violent red.
You destroy RoseArtemis's ghost!
Okawaru is honoured by your kill.
You feel sick.
The orc no longer looks unusually strong.
The orc warrior no longer looks unusually strong.
You closely miss the orc knight. You headbutt the orc knight.
The orc knight is heavily wounded.
You feel sick.
The orc knight hits you from afar with a runed glaive!!
You die...

,...[ .. ..8#)##...###.##.
#.............#'#..........#
#.#8#..8..#8#.#.............
#.###.....###.#>##..####.... ####
#.o..#####....#.#...#####...
.....#o.....oooo...#.#.....##....
.....######''o######.......##....
.....8......oooo...8.##..######..
..............)#@..#.....######..
.............###.####............
...........#..........###........
##################....####.......
#######....#....)###
#........#####...#
#........#####..##
#...............####
#......###.....#....


You could see 3 orc knights, an orc warrior, an orc priest and 4 orcs.

Vanquished Creatures
  2 orc warlords
  The ghost of RoseArtemis the Thaumaturge, a journeyman SpEn of Gozag (D:14)
  Erolcha (D:13)
  3 centaur warriors (D:14)
  A tengu warrior (D:13)
  6 two-headed ogres
  Nergalle (D:11)
  Urug (D:11)
  A skeletal warrior (D:14)
  An unseen horror (D:12)
  Pikel (D:7)
  A deep elf archer (D:14)
  6 deep elf magi (D:14)
  2 orc knights (Bailey)
  7 ugly things
  2 manticores (D:14)
  Joseph (D:7)
  3 yaktaurs (D:14)
  A komodo dragon (D:11)
  2 trolls
  Grinder (D:6)
  A slime creature (D:8)
  A hippogriff (D:12)
  A shadow (D:12)
  An air elemental (D:13)
  Sigmund (D:5)
  3 wyverns
  2 water elementals
  A basilisk (D:14)
  4 hogs (D:7)
  13 yaks
  4 hungry ghosts
  A fire elemental (D:13)
  A human (D:7)
  A steam dragon (D:10)
  Edmund (D:4)
  Menkaure (D:6)
  A water moccasin (D:12)
  A soldier ant (D:14)
  Duvessa (D:5)
  An acid dragon (D:11)
  2 porcupines (D:11)
  7 black bears
  21 orc warriors
  6 sky beasts
  A swamp drake (D:12)
  A slave (D:7)
  An eye of draining (D:12)
  6 ice beasts
  3 phantoms
  14 centaurs
  13 ogres
  A crocodile (D:11)
  Blork the orc (D:4)
  2 big kobolds
  12 bullfrogs
  An earth elemental (D:13)
  A wyvern skeleton (D:12)
  5 scorpions
  A water moccasin skeleton (D:10)
  Dowan (D:5)
  13 killer bees
  9 howler monkeys
  7 crimson imps
  6 jellies
  A bullfrog zombie (D:5)
  A gnoll shaman (D:7)
  9 centaur skeletons
  2 centaur zombies
  7 orc priests
  Crazy Yiuf (D:5)
  9 orc wizards
  9 hounds
  Terence (D:3)
  5 iguanas
  8 worker ants
  A worker ant zombie (D:8)
  A howler monkey zombie (D:11)
  29 gnolls
  13 adders
  8 shadow imps
  A white imp (D:4)
  4 oozes
  An adder skeleton (D:5)
  A worm (D:2)
  2 dart slugs
  10 leopard geckos
  100 orcs
  A ball python (D:12)
  6 giant cockroaches
  24 goblins
  23 hobgoblins
  17 jackals
  4 quokkas
  A ball python zombie (D:5)
  10 bats
  7 frilled lizards
  A goblin zombie (D:4)
  6 hobgoblin zombies (D:4)
  14 kobolds
  A leopard gecko skeleton (D:4)
  2 orc skeletons (D:4)
  A quokka skeleton (D:5)
  7 rats
  2 rat zombies (D:3)
  A fungus (D:11)
  2 plants (D:11)
575 creatures vanquished.

Vanquished Creatures (others)
  An ice beast (D:14)
  34 fungi (D:11)
  13 plants (D:11)
48 creatures vanquished.

Grand Total: 623 creatures vanquished

Notes
Turn   | Place    | Note
-------+----------+-------------------------------------------
     0 | D:1      | MTVSty1e the Minotaur Fighter began the quest for the Orb.
     0 | D:1      | Reached XP level 1. HP: 19/19 MP: 0/0
    74 | D:1      | Reached skill level 3 in Axes
    80 | D:1      | Reached XP level 2. HP: 25/27 MP: 1/1
   432 | D:1      | Reached XP level 3. HP: 33/33 MP: 2/2
   629 | D:2      | Reached skill level 4 in Axes
   679 | D:2      | Reached XP level 4. HP: 5/41 MP: 3/3
  1077 | D:2      | Found a deep blue altar of Sif Muna.
  1444 | D:2      | Reached skill level 5 in Axes
  1519 | D:2      | Reached XP level 5. HP: 6/47 MP: 4/4
  2001 | D:2      | Reached skill level 5 in Fighting
  2122 | D:3      | Reached skill level 6 in Axes
  2362 | D:3      | Reached XP level 6. HP: 36/56 MP: 5/5
  2829 | D:3      | Found an ancient bone altar of Kikubaaqudgha.
  2896 | D:3      | Noticed Terence
  2902 | D:3      | Killed Terence
  3119 | D:4      | Found a glowing golden altar of the Shining One.
  3184 | D:4      | Noticed Blork the orc
  3188 | D:4      | Reached skill level 7 in Axes
  3194 | D:4      | Killed Blork the orc
  3472 | D:4      | Reached XP level 7. HP: 45/63 MP: 6/6
  3629 | D:4      | Found a snail-covered altar of Cheibriados.
  3699 | D:4      | Noticed Edmund
  3709 | D:4      | Killed Edmund
  3709 | D:4      | Reached skill level 8 in Axes
  3983 | D:4      | Reached skill level 9 in Axes
  4071 | D:5      | Entered Level 5 of the Dungeon
  4114 | D:5      | Noticed Duvessa
  4114 | D:5      | Noticed Dowan
  4119 | D:5      | Killed Dowan
  4133 | D:5      | Killed Duvessa
  4133 | D:5      | Reached XP level 8. HP: 24/73 MP: 7/7
  4450 | D:5      | Noticed Sigmund
  4456 | D:5      | Killed Sigmund
  4456 | D:5      | Reached skill level 10 in Axes
  4938 | D:5      | Found an iron altar of Okawaru.
  5008 | D:5      | Became a worshipper of Warmaster Okawaru
  5137 | D:5      | Reached skill level 11 in Axes
  5190 | D:5      | Found a runed door.
  5518 | D:5      | Noticed Crazy Yiuf
  5522 | D:5      | Killed Crazy Yiuf
  5665 | D:6      | Noticed Grinder
  5667 | D:6      | Paralysed by Grinder for 7 turns
  5681 | D:6      | Paralysed by Grinder for 3 turns
  5689 | D:6      | Paralysed by Grinder for 7 turns
  5697 | D:6      | Killed Grinder
  5697 | D:6      | Reached XP level 9. HP: 58/83 MP: 8/8
  5843 | D:6      | Reached * piety under Okawaru
  5986 | D:6      | Reached skill level 12 in Axes
  6170 | D:6      | Noticed Menkaure
  6179 | D:6      | Killed Menkaure
  6734 | D:6      | Found a hide-covered altar of Uskayaw.
  6941 | D:7      | Found a sparkling altar of Nemelex Xobeh.
  7157 | D:7      | Noticed Joseph
  7159 | D:7      | Noticed Voker57's ghost (novice DsGl)
  7172 | D:7      | Killed Joseph
  7172 | D:7      | Reached ** piety under Okawaru
  7172 | D:7      | Reached skill level 10 in Fighting
  7172 | D:7      | Reached skill level 13 in Axes
  7173 | D:7      | Found a transporter.
  7340 | D:7      | Found a transporter.
  7523 | D:7      | Found a staircase to the Ecumenical Temple.
  7523 | D:7      | Noticed Pikel
  7533 | D:7      | Killed Pikel
  7862 | D:7      | Reached XP level 10. HP: 94/94 MP: 9/9
  7874 | D:7      | Reached *** piety under Okawaru
  7874 | D:7      | Reached skill level 14 in Axes
  8252 | D:8      | Found the cursed necklace of Bloodlust {*Rage +Rage MR++
                  | Int-3 Slay+6 *Curse}
  8335 | D:8      | Reached **** piety under Okawaru
  8335 | D:8      | Reached skill level 15 in Axes
  8338 | D:8      | Noticed a white ugly thing
  8357 | D:8      | Killed a white ugly thing
  8957 | D:8      | Found Haler's Assorted Antiques.
  9012 | D:8      | Noticed a two-headed ogre
  9024 | D:8      | Killed a two-headed ogre
  9024 | D:8      | Reached XP level 11. HP: 74/104 MP: 10/10
  9368 | D:8      | Found a glowing silver altar of Zin.
  9835 | D:9      | Reached skill level 16 in Axes
  9845 | D:9      | Noticed namelastname112's ghost (novice DrWn)
  9846 | D:9      | Found a runed gate.
  9846 | D:9      | Found a runed gate.
  9847 | D:9      | Found a runed gate.
  9847 | D:9      | Noticed ThereIsNoGod's ghost (novice OpFi)
  9847 | D:9      | Noticed CcS's ghost (novice OpTm)
  9848 | D:9      | Noticed galech's ghost (novice DsFi)
  9849 | D:9      | Noticed namelastname112's ghost (novice DrWz)
 10056 | D:9      | Reached ***** piety under Okawaru
 10528 | D:10     | Entered Level 10 of the Dungeon
 10636 | D:10     | Found a stormy altar of Qazlal.
 11628 | D:11     | Noticed a cyan ugly thing
 11634 | D:11     | Killed a cyan ugly thing
 11644 | D:11     | Noticed a two-headed ogre
 11651 | D:11     | Killed a two-headed ogre
 11651 | D:11     | Received a gift from Okawaru
 11651 | D:11     | Reached skill level 17 in Axes
 11700 | D:11     | Noticed a two-headed ogre
 11706 | D:11     | Killed a two-headed ogre
 11979 | D:11     | Noticed Urug
 11993 | D:11     | Killed Urug
 12305 | D:11     | Noticed a red ugly thing
 12305 | D:11     | Noticed a purple ugly thing
 12314 | D:11     | Killed a red ugly thing
 12314 | D:11     | Reached XP level 12. HP: 115/115 MP: 11/11
 12444 | D:11     | Noticed Nergalle
 12457 | D:11     | Killed Nergalle
 12457 | D:11     | Reached skill level 18 in Axes
 12482 | D:11     | Noticed a two-headed ogre
 12486 | D:11     | Killed a two-headed ogre
 12516 | D:11     | Found a staircase to the Lair.
 13112 | D:12     | Found Omeph's Serpentskin Sales.
 13178 | D:12     | Found Mutrier's Distillery.
 13462 | D:12     | Noticed a two-headed ogre
 13470 | D:12     | Killed a two-headed ogre
 13631 | D:12     | Found a staircase to the Orcish Mines.
 13876 | D:12     | Reached ****** piety under Okawaru
 14141 | D:13     | Noticed a tengu warrior
 14148 | D:13     | Killed a tengu warrior
 14148 | D:13     | Received a gift from Okawaru
 14148 | D:13     | Reached skill level 19 in Axes
 14151 | D:13     | Got a pair of polished gloves {god gift}
 14162 | D:13     | Identified the +2 pair of gloves of Buyblaiv {MR+ Str+3
                  | Int+2 Stlth-} (Okawaru gifted it to you on level 13 of the
                  | Dungeon)
 14204 | D:13     | Noticed Erolcha
 14211 | D:13     | Killed Erolcha
 14280 | D:13     | Found a flagged portal.
 14288 | Bailey   | Entered a bailey
 14528 | Bailey   | Noticed an orc warlord
 14541 | Bailey   | Killed an orc warlord
 14595 | Bailey   | Identified the +1 scimitar "Leoserut" {freeze, MR+ Dex+4
                  | Stlth-} (You found it in a bailey)
 14628 | Bailey   | Identified 2 scrolls of acquirement
 14699 | D:13     | Found a large runed door.
 14702 | D:13     | Found a large runed door.
 15323 | D:13     | Reached XP level 13. HP: 125/125 MP: 12/12
 15325 | D:13     | Reached skill level 15 in Fighting
 15550 | D:13     | Gained mutation: Your spells are a little harder to cast,
                  | but a little more powerful. [potion of mutation]
 15550 | D:13     | Gained mutation: You tend to lose your temper in combat.
                  | [potion of mutation]
 15550 | D:13     | Gained mutation: You have an increased reservoir of magic.
                  | (+10% MP) [potion of mutation]
 15550 | D:13     | Gained mutation: Your spells are harder to cast, but more
                  | powerful. [potion of mutation]
 15551 | D:13     | Lost mutation: Your spells are harder to cast, but more
                  | powerful. [potion of mutation]
 15551 | D:13     | Lost mutation: You tend to lose your temper in combat.
                  | [potion of mutation]
 15551 | D:13     | Lost mutation: Your spells are a little harder to cast, but
                  | a little more powerful. [potion of mutation]
 15551 | D:13     | Gained mutation: You are weak. (Str -2) [potion of
                  | mutation]
 15551 | D:13     | Gained mutation: You are covered in fur. (AC +1) [potion of
                  | mutation]
 15551 | D:13     | Gained mutation: You passively map a small area around you.
                  | [potion of mutation]
 15551 | D:13     | Gained mutation: Your spells are a little harder to cast,
                  | but a little more powerful. [potion of mutation]
 15647 | D:14     | Reached skill level 20 in Axes
 15939 | D:14     | Received a gift from Okawaru
 15952 | D:14     | Got a faintly glowing executioner's axe {god gift}
 16127 | D:14     | Found a gate to the Vaults.
 16872 | D:14     | Received a gift from Okawaru
 17357 | D:14     | Reached skill level 21 in Axes
 17481 | D:14     | Found a runed gate.
 17481 | D:14     | Noticed an orc warlord
 17487 | D:14     | Noticed RoseArtemis's ghost (journeyman SpEn)
 17491 | D:14     | Found a runed gate.
 17491 | D:14     | Found a runed gate.
 17529 | D:14     | Killed an orc warlord
 17540 | D:14     | Killed RoseArtemis's ghost
 17541 | D:14     | Mangled by an orc knight

Vault maps used:
D:1:      kennysheep_arrival_seaside
D:2:      overflow_temple_1_default, minmay_tromino_v7
D:3:      lemuel_zombie_altar_kikubaaqudgha, first_ration, serial_bayou_pond_c,
          uniq_terence
D:4:      nicolae_tso_besieged_by_evil, cheibriados_altar_1, uniq_edmund,
          uniq_blork_the_orc
D:5:      okawaru_metal_pillars_3, uniq_duvessa, uniq_crazy_yiuf_cottage,
          uniq_sigmund
D:6:      nicolae_overflow_crystal_walls, uniq_menkaure, uniq_grinder
D:7:      kennysheep_mini_moat, minmay_temple_entry_junction,
          gammafunk_ghost_smash, grunt_livestock, uniq_joseph, uniq_pikel
D:8:      minmay_imperfect_grid, lemuel_coloured_pillars_altar, serial_shops,
          nicolae_shop_waterfront, lemuel_flamethrower_1
D:9:      hangedman_cross_stitches, gammafunk_ghost_cemetery
D:10:     special_room, minmay_curled_crystal, minmay_misc_feat_more_columns,
          grunt_qazlal_clouds
D:11:     due_lair_maze_entry_diamond, minmay_misc_feat_chi,
          serial_bayou_lagoon_a, eino_small_chamber_without_monster, uniq_urug,
          uniq_nergalle
D:12:     erik_orc_1, serial_shops, shop, guppyfry_shop_venom
D:13:     enter_bailey_7, lightli_elemental_guards, uniq_erolcha
D:14:     hangedman_vaults_entry_quadrant_bands, biasface_ghost_orc_armoury,
          minmay_misc_feat_rows, st_stairs_10, hangedman_decor_growths
Bailey:   bailey_axe_minmay_hex_keep, bailey

Skill      XL: |  1  2  3  4  5  6  7  8  9 10 11 12 13 |
---------------+----------------------------------------+-----
Axes           | 3 4 5 6 7 9 11 13 15 17 19 21 | 21.2
Fighting       | 4 5 6 7 9 10 12 13 14 16 | 16.1
Armour         | |  3.6
Shields        | |  3.6

Action                   |  1- 3 |  4- 6 |  7- 9 | 10-12 | 13-15 || total
-------------------------+-------+-------+-------+-------+-------++-------
Melee: War axe           |    92 |   150 |   280 |   561 |   104 ||  1187
       Headbutt          |     6 |    32 |    59 |   106 |    36 ||   239
       Broad axe         |       |       |       |       |    51 ||    51
       Morningstar       |       |       |       |       |     1 ||     1
Invok: Heroism           |       |       |       |     1 |     2 ||     3
  Use: Scroll            |       |     4 |       |    20 |     7 ||    31
       Potion            |       |     1 |       |     2 |     3 ||     6
 Stab: Distracted        |       |       |       |     1 |       ||     1
  Eat: Ration            |       |     3 |     4 |     7 |     3 ||    17
       Chunk             |       |       |       |     3 |       ||     3
Armor: Scale mail        |    47 |    49 |    79 |       |       ||   175
       Plate armour      |       |       |    14 |   225 |    85 ||   324
Dodge: Dodged            |    44 |    39 |    70 |    78 |    22 ||   253
Block: Shield            |    55 |    72 |   111 |   196 |    69 ||   503

Table legend:
 A = Non-vault XP
 B = Vault XP
 C = Vault XP percentage of total XP
 D = Non-vault monster count
 E = Vault monster count
 F = Vault count percentage of total count
                 A         B        C        D         E       F
            +---------+---------+-------+---------+---------+-------
      Total |   31291 |   28019 |  47.2 |     355 |     216 |  37.8
            +---------+---------+-------+---------+---------+-------
        D:1 |      47 |       0 |   0.0 |      29 |       0 |   0.0
        D:2 |     164 |       7 |   4.1 |      30 |       4 |  11.8
        D:3 |     237 |      38 |  13.8 |      32 |       3 |   8.6
        D:4 |     495 |     287 |  36.7 |      12 |      12 |  50.0
        D:5 |     827 |     487 |  37.1 |      33 |       4 |  10.8
        D:6 |    1006 |     459 |  31.3 |      21 |       2 |   8.7
        D:7 |     510 |    2067 |  80.2 |      19 |       7 |  26.9
        D:8 |    2347 |    2721 |  53.7 |      36 |      23 |  39.0
        D:9 |    1510 |     497 |  24.8 |      20 |       9 |  31.0
       D:10 |    1631 |      98 |   5.7 |      22 |      20 |  47.6
       D:11 |    5881 |    3657 |  38.3 |      37 |      13 |  26.0
       D:12 |    4385 |     734 |  14.3 |      25 |      20 |  44.4
       D:13 |    2960 |    1744 |  37.1 |      12 |       9 |  42.9
       D:14 |    9291 |   10330 |  52.6 |      27 |      21 |  43.8
     Bailey |       0 |    4893 | 100.0 |       0 |      69 | 100.0
            +---------+---------+-------+---------+---------+-------
